 Dungeon Crawl Stone Soup version 0.29.0-4-gdea44cf6ec (webtiles) character file.

Game seed: 10725091766083168662

54 qw the Ruffian (level 3, -5/28 HPs)
             Began as a Ghoul Fire Elementalist on Aug 29, 2022.
             Slain by Sigmund
             ... wielding a +0 scythe
              (8 damage)
             ... on level 2 of the Dungeon.
             The game lasted 00:01:54 (2732 turns).

qw the Ruffian (Ghoul Fire Elementalist)            Turns: 2732, Time: 00:01:54

Health: -5/28      AC:  7    Str: 13    XL:     3   Next: 91%
Magic:  4/4        EV: 12    Int: 10    God:
Gold:   111        SH:  0    Dex:  9    Spells: 4/5 levels left

rFire   . . .      SeeInvis .     - Unarmed
rCold   + . .      Faith    .   (no shield)
rNeg    + + +      Spirit   .   a - +0 robe
rPois   inf        Reflect  .   (no helmet)
rElec   .          Harm     .   (no cloak)
rCorr   .          Rampage  .   f - +0 pair of gloves
Will    .....                   (no boots)
Stlth   ++........              (no amulet)
HPRegen 0.00/turn               c - +4 ring of protection
MPRegen 0.09/turn               (no ring)

@: inhibited regen
A: claws 1, cold resistance 1, negative energy resistance 3, inhibited
regeneration, torment resistance 2, devour on kill
a: no special abilities


You were on level 2 of the Dungeon.
You visited 1 branch of the dungeon, and saw 2 of its levels.

You collected 174 gold pieces.
You spent 63 gold pieces at shops.


Innate Abilities, Weirdness & Mutations

You are immune to poison.
You have sharp fingernails.
Your flesh is cold resistant. (rC+)
You are immune to negative energy. (rN+++)
You do not regenerate when monsters are visible.
You are immune to unholy pain and torment.
You thrive by killing the living.


   Skills:
 - Level 1.2 Fighting
 - Level 1.7 Dodging
 - Level 2.1 Stealth
 + Level 3.4 Unarmed Combat
 - Level 1.7 Spellcasting
 - Level 0.7 Conjurations
 - Level 2.4 Fire Magic


You had 4 spell levels left.
You knew the following spells:

 Your Spells              Type           Power      Damage    Failure   Level
a - Foxfire               Conj/Fire      16%        2x1d4     17%         1

Your spell library contained the following spells:

 Spells                   Type           Power      Damage    Failure   Level
 Scorch                   Fire           10%        2d6       19%         2
 Conjure Flame            Conj/Fire      4%         6-21      45%         3
 Inner Flame              Hex/Fire       3%         N/A       52%         3
 Flame Wave               Conj/Fire      4%         2d5       86%         4

Inventory:

Armour
 a - a +0 robe (worn)
 f - a +0 pair of gloves (worn)
Jewellery
 c - a +4 ring of protection (left hand)
Scrolls
 g - 2 scrolls of identify
 h - a scroll of vulnerability {unknown}
Potions
 b - a potion of haste {unknown}
 d - a potion of flight {unknown}
 e - a potion of mutation {unknown}

Dungeon Overview and Level Annotations

Branches:
Dungeon (2/15)

Altars:

Shops:
D:1 [[(=

Annotations:
D:2 Sigmund


Message History

Sigmund misses you.
You hit Sigmund. Your punch misses Sigmund.
Sigmund is moderately wounded.
You hit Sigmund.
Sigmund is heavily wounded.
Sigmund mumbles some strange words.
Sigmund flickers and vanishes!
Deactivating autopickup; reactivate with Ctrl-A.
You hit something. Something hits you.
You barely miss something. Something hits you.
You hit something. You barely miss something. Something barely misses you.
You closely miss something.
You hear some strange, mumbled words.
A puff of flame appears from out of thin air!
The puff of flame misses you.
You hit something but do no damage.
You hear some strange, mumbled words.
A magic dart appears from out of thin air!
The magic dart hits you.
You barely miss something.
You hear some strange, mumbled words.
Something tries to affect you, but you resist.
You closely miss something. You closely miss something. Something hits you!
You hit something but do no damage. Something hits you but does no damage.
You miss something. You hit something but do no damage. Something hits you.
You barely miss something. Something hits you.
You closely miss something. You miss something. Something hits you!
You die...

#########.#.###..
#.......).<.#.####.
##.###########.##.##
##...## #.##.## .....#
#.##.#. ....# #.##.#.
#.#.# ####.##.#.
##{#.######.........
.####..@........##......
.........############...
.####............####..#
##..................
###.############### ...#
#####


There were no monsters in sight!

Vanquished Creatures
  A worm (D:2)
  A dart slug (D:1)
  3 ball pythons (D:1)
  3 endoplasms (D:1)
  2 giant cockroaches
  3 goblins
  6 hobgoblins
  3 quokkas
  8 bats
  9 kobolds
  4 rats (D:1)
43 creatures vanquished.

Notes
Turn   | Place    | Note
-------+----------+-------------------------------------------
     0 | D:1      | qw the Ghoul Fire Elementalist began the quest for the Orb.
     0 | D:1      | Reached XP level 1. HP: 14/14 MP: 2/2
     0 | D:1      | 0 ||| qw: Version: 0.1-a-90-g952f4b7
     0 | D:1      | 0 ||| qw: Game counter: 4175
     0 | D:1      | 0 ||| qw: Always use a shield: true
     0 | D:1      | 0 ||| qw: God list: Okawaru
     0 | D:1      | 0 ||| qw: Allow faded altars: false
     0 | D:1      | 0 ||| qw: Do Orc after D:15 true
     0 | D:1      | 0 ||| qw: Do second Lair branch before Depths: true
     0 | D:1      | 0 ||| qw: Lair rune preference: random
     0 | D:1      | 0 ||| qw: Plans: Normal
     0 | D:1      | 0 ||| PLANNING D:1-11
    38 | D:1      | 38 ||| Stepping ~*~*~tactically~*~*~ (stealth).
    42 | D:1      | 42 ||| Stepping ~*~*~tactically~*~*~ (stealth).
    50 | D:1      | Reached skill level 1 in Unarmed Combat
    71 | D:1      | 71 ||| Stepping ~*~*~tactically~*~*~ (outnumbered).
    76 | D:1      | Reached skill level 1 in Fighting
    76 | D:1      | Reached XP level 2. HP: 21/23 MP: 3/3
   102 | D:1      | Found Ezxiviq's Antique Armour Shoppe.
   108 | D:1      | 108 ||| SHOPLISTING leather armour (54 gold, have 16).
   108 | D:1      | 108 ||| SHOPLISTING pair of gloves (121 gold, have 16).
   108 | D:1      | 108 ||| SHOPLISTING pair of smoking boots (256 gold, have
                  | 16).
   108 | D:1      | 108 ||| SHOPLISTING ring mail (108 gold, have 16).
   108 | D:1      | 108 ||| SHOPLISTING runed orb (324 gold, have 16).
   108 | D:1      | 108 ||| SHOPLISTING runed robe (99 gold, have 16).
   108 | D:1      | 108 ||| SHOPLISTING shiny chain mail (202 gold, have 16).
   111 | D:1      | Found Xoliz's Weapon Boutique.
   136 | D:1      | 136 ||| Stepping ~*~*~tactically~*~*~ (hiding).
   238 | D:1      | 238 ||| Stepping ~*~*~tactically~*~*~ (hiding).
   347 | D:1      | 347 ||| Stepping ~*~*~tactically~*~*~ (hiding).
   449 | D:1      | 449 ||| Stepping ~*~*~tactically~*~*~ (hiding).
   551 | D:1      | 551 ||| Stepping ~*~*~tactically~*~*~ (hiding).
   653 | D:1      | 653 ||| Stepping ~*~*~tactically~*~*~ (hiding).
   915 | D:1      | 915 ||| Stepping ~*~*~tactically~*~*~ (stealth).
   927 | D:1      | 927 ||| Stepping ~*~*~tactically~*~*~ (stealth).
  1054 | D:1      | Reached skill level 2 in Unarmed Combat
  1169 | D:1      | Reached XP level 3. HP: 11/28 MP: 4/4
  1764 | D:1      | Found Sich's Armour Shop.
  1780 | D:1      | 1780 ||| BUYING +0 pair of gloves (63 gold).
  1780 | D:1      | Bought a +0 pair of gloves for 63 gold pieces
  1780 | D:1      | 1780 ||| SHOPLISTING +2 leather armour of cold resistance
                  | (266 gold, have 28).
  1780 | D:1      | 1780 ||| SHOPLISTING +3 leather armour of fire resistance
                  | (336 gold, have 28).
  1780 | D:1      | 1780 ||| SHOPLISTING +3 robe of Clouds {*Thunder rCloud
                  | rElec} (415 gold, have 28).
  2165 | D:1      | Found Fiskac's Jewellery Emporium.
  2178 | D:1      | 2178 ||| SHOPLISTING +6 ring of dexterity (396 gold, have
                  | 69).
  2178 | D:1      | 2178 ||| SHOPLISTING amulet of reflection (330 gold, have
                  | 69).
  2178 | D:1      | 2178 ||| SHOPLISTING ring of ice (275 gold, have 69).
  2178 | D:1      | 2178 ||| SHOPLISTING ring of see invisible (165 gold, have
                  | 69).
  2178 | D:1      | 2178 ||| SHOPLISTING ring of the Little Devil {*Corrode
                  | rElec rC+ MP+9 Str+8} (574 gold, have 69).
  2178 | D:1      | 2178 ||| SHOPLISTING ring of willpower (275 gold, have 69).
  2285 | D:1      | 2285 ||| UPGRADING to +0 pair of gloves.
  2290 | D:1      | 2290 ||| UPGRADING to +4 ring of protection.
  2291 | D:1      | 2291 ||| READING scroll labelled IHIRUV RINLEMI.
  2292 | D:1      | 2292 ||| READING 3 scrolls labelled QILENIG TYSCH.
  2293 | D:1      | 2293 ||| READING scroll labelled BILITTERA.
  2294 | D:1      | 2294 ||| DROPPING potion of magic.
  2325 | D:2      | Reached skill level 3 in Unarmed Combat
  2430 | D:2      | Noticed Sigmund
  2431 | D:2      | 2431 ||| Stepping ~*~*~tactically~*~*~ (stealth).
  2439 | D:2      | 2439 ||| Stepping ~*~*~tactically~*~*~ (stealth).
  2459 | D:2      | 2459 ||| Stepping ~*~*~tactically~*~*~ (stealth).
  2709 | D:2      | 2709 ||| Stepping ~*~*~tactically~*~*~ (stealth).
  2730 | D:2      | HP: 3/28 [something (5)]
  2732 | D:2      | Slain by Sigmund

Levels and vault maps discovered:
D:1:      zelgadis_glass_arrival_small, layout_loops_corners, serial_shops,
          nicolae_square_shop, shop, nicolae_shop_window_shopping,
          nicolae_shop_competitors_out_of_business, serial_bayou_pond_c,
          kennysheep_small_spiral
D:2:      minmay_alternating_diamond, layout_loops_ring,
          chequers_ecumenical_altar_grove, uniq_sigmund

Skill      XL: |  1  2  3 |
---------------+----------+-----
Unarmed Combat | 1 2 3 |  3.4
Fighting       | 1 |  1.2
Dodging        | |  1.7
Stealth        | |  2.1
Spellcasting   | |  1.7
Conjurations   | |  0.7
Fire Magic     | |  2.4

Action                   || total
-------------------------++-------
Melee: Unarmed           ||   173
       Punch             ||     2
  Use: Scroll            ||     3
 Stab: Sleeping          ||     1
Armor: Robe              ||    39
Dodge: Dodged            ||    85

Table legend:
 A = Non-vault XP
 B = Vault XP
 C = Vault XP percentage of total XP
 D = Non-vault monster count
 E = Vault monster count
 F = Vault count percentage of total count
                 A         B        C        D         E       F
            +---------+---------+-------+---------+---------+-------
      Total |      70 |       8 |  10.3 |      39 |       4 |   9.3
            +---------+---------+-------+---------+---------+-------
        D:1 |      55 |       0 |   0.0 |      32 |       0 |   0.0
        D:2 |      15 |       8 |  34.8 |       7 |       4 |  36.4
            +---------+---------+-------+---------+---------+-------
